Map: [ESL] Tropical Sacrifice

Players

DRG - Winner!

  • Race: Zerg Zerg
  • Spawn Location: 1:00

Cure

  • Race: Terran Terran
  • Spawn Location: 7:00

Event: DreamHack SC2 Masters 2022 Atlanta (Offline)

VOD

Have the link to the VOD?

Description

Time

  • Played on: Nov. 19, 2022, 10:44 a.m.
  • Length: 17:25

All games in this series

Show
View Real Time Build Order
Export as new Build Order

DRG Zerg - Winner!

Build Orders: Hatch First 

Get SALT Encoding   

  12  0:00  Drone  
  13  0:12  Overlord  
  13  0:17  Drone  
  14  0:31  Drone x2  
  16  0:49  Hatchery  
  15  0:52  Drone  
  15  0:56  Drone  
  17  1:00  Drone  
  18  1:10  Extractor  
  17  1:15  Spawning Pool  
  17  1:18  Drone  
  17  1:22  Drone  
  18  1:28  Drone  
  19  1:39  Drone  
  20  1:50  Drone  
  21  2:02  Queen  
  21  2:03  Zergling x4  
  27  2:12  Overlord  
  27  2:17  Zergling x2  
  27  2:21  Spine Crawler  
  27  2:27  Metabolic Boost  
  27  2:32  Zergling x4  
  27  2:34  Zergling x2  
  27  2:38  Queen  
  29  2:53  Zergling x2  
  29  2:55  Overlord  
  28  3:05  Zergling x2  
  29  3:11  Zergling x2  
  30  3:14  Queen  
  30  3:15  Zergling x10  
  37  3:30  Zergling x2  
  37  3:32  Overlord  
  38  3:53  Drone x4  
  39  4:00  Hatchery  
  39  4:01  Drone  
  37  4:09  Drone  
  38  4:13  Hatchery  
  37  4:24  Drone  
  38  4:28  Drone x3  
  41  4:35  Drone  
  42  4:43  Overlord  
  42  4:52  Queen  
  42  4:55  Drone  
  45  5:01  Overlord  
  45  5:03  Drone x2  
  47  5:08  Drone  
  47  5:11  Drone  
  47  5:13  Queen  
  51  5:18  Baneling Nest  
  51  5:19  Drone  
  51  5:24  Drone  
  51  5:26  Queen, Drone  
  55  5:31  Drone  
  57  5:35  Drone x4  
  57  5:37  Drone  
  61  5:45  Overlord  
  61  5:47  Drone x2  
  63  5:54  Overlord  
  65  5:58  Drone  
  65  6:00  Drone x3  
  65  6:01  Drone  
  71  6:04  Drone x2  
  71  6:07  Drone x4  
  71  6:10  Lair  
  74  6:13  Zergling x6  
  74  6:15  Extractor  
  74  6:17  Queen  
  78  6:22  Queen  
  78  6:25  Zergling x4  
  82  6:28  Baneling x5  
  82  6:32  Overlord x2  
  81  6:35  Overlord  
  81  6:37  Overlord  
  81  6:40  Overlord  
  81  6:44  Overlord  
  81  6:45  Baneling x2  
  81  6:48  Overlord  
  81  6:51  Overlord  
  81  6:53  Zergling x10  
  86  6:59  Zergling x6  
  89  7:06  Zergling x2  
  89  7:07  Zergling x6  
  93  7:11  Hatchery  
  93  7:12  Zergling x8  
  94  7:16  Centrifugal Hooks  
  94  7:18  Drone  
  94  7:20  Drone  
  94  7:21  Extractor  
  95  7:23  Extractor  
  86  7:32  Drone x7  
  86  7:36  Zergling x8  
  95  7:40  Evolution Chamber  
  95  7:41  Evolution Chamber  
  88  7:46  Zergling x4  
  88  7:50  Zergling x10  
  92  7:56  Baneling x4  
  92  7:59  Queen x2  
  92  8:02  Zergling x6  
  99  8:08  Zergling x2  
  99  8:09  Zergling x8  
  99  8:10  Baneling x6  
  99  8:11  Overlord  
  104  8:13  Zergling x4  
  104  8:16  Zerg Melee Weapons Level 1  
  106  8:22  Zerg Ground Armor Level 1  
  106  8:28  Overseer  
  106  8:33  Drone x9  
  114  8:36  Baneling x4  
  114  8:38  Drone x2  
  116  8:45  Pneumatized Carapace  
  116  8:46  Zergling x10  
  116  8:47  Zergling x8  
  119  8:52  Zergling x2  
  119  8:53  Zergling x6  
  122  8:58  Overlord  
  122  9:00  Zergling x6  
  124  9:07  Zergling x4  
  124  9:09  Baneling x5  
  121  9:10  Queen, Drone  
  121  9:12  Spore Crawler  
  121  9:15  Hydralisk Den  
  122  9:19  Drone x8  
  122  9:20  Baneling x3  
  122  9:21  Zergling x2  
  122  9:24  Overseer  
  131  9:30  Zergling x8  
  131  9:31  Spore Crawler x2  
  126  9:35  Zergling x8  
  129  9:39  Baneling  
  129  9:40  Zergling x6  
  130  9:46  Zergling x2  
  130  9:48  Baneling x5  
  130  9:50  Zergling x14  
  137  9:57  Zergling x10  
  137  9:59  Muscular Augments  
  135  10:01  Zergling x2  
  135  10:02  Zergling x2  
  135  10:04  Baneling x4, Extractor  
  135  10:06  Zergling x4  
  138  10:11  Zergling x4  
  138  10:13  Zerg Melee Weapons Level 2  
  140  10:16  Drone  
  140  10:17  Drone  
  140  10:18  Overlord  
  140  10:19  Zergling x8, Extractor  
  140  10:20  Overlord  
  145  10:21  Zergling x4  
  145  10:26  Overlord  
  147  10:32  Overlord  
  147  10:38  Zergling x14  
  147  10:40  Hatchery  
  147  10:41  Zerg Ground Armor Level 2  
  153  10:43  Drone x2  
  151  10:50  Zergling x18  
  151  10:52  Zergling x4  
  151  10:56  Infestation Pit  
  158  11:01  Hydralisk x4  
  165  11:10  Grooved Spines  
  161  11:11  Hydralisk x5  
  161  11:15  Zergling x8  
  161  11:18  Baneling x6  
  172  11:28  Zergling x16  
  172  11:32  Zergling x6  
  172  11:38  Zergling x8  
  174  11:43  Hive  
  174  11:46  Zergling x2  
  174  11:47  Zergling x16  
  179  11:58  Zergling x16  
  182  12:09  Overseer x2  
  182  12:10  Zergling x2  
  182  12:11  Zergling x12  
  189  12:16  Overlord x2  
  189  12:19  Baneling x7, Extractor, Lurker Den  
  189  12:20  Overlord  
  187  12:23  Overlord  
  187  12:26  Drone x2  
  187  12:28  Baneling x5  
  188  12:31  Zerg Missile Weapons Level 1  
  188  12:32  Overlord  
  188  12:33  Baneling x7  
  187  12:42  Baneling x3  
  187  12:43  Baneling x3  
  187  12:47  Drone x7  
  187  12:49  Drone x3  
  187  12:50  Drone x3  
  200  12:55  Baneling x7  
  200  12:57  Adrenal Glands  
  200  13:05  Zergling x4, Overseer  
  200  13:07  Baneling x8  
  198  13:23  Zergling x6  
  198  13:24  Zergling x14  
  182  13:28  Seismic Spines  
  182  13:29  Zergling x20  
  182  13:34  Overlord  
  183  13:45  Zergling x20  
  184  13:49  Viper x2  
  184  13:53  Zergling x20  
  199  13:57  Spore Crawler  
  199  14:01  Zerg Ground Armor Level 3  
  196  14:05  Zergling x8  
  196  14:08  Baneling x5  
  200  14:15  Hatchery  
  200  14:16  Zergling x4  
  198  14:25  Adaptive Talons  
  195  14:32  Baneling x3  
  195  14:40  Overlord  
  195  14:41  Zerg Melee Weapons Level 3  
  195  14:42  Overseer  
  195  14:46  Zergling x10  
  200  14:53  Baneling x17  
  200  14:56  Overseer x2  
  200  15:06  Zergling x6  
  183  15:18  Zergling x24  
  183  15:21  Zergling x26  
  176  15:23  Zergling x34  
  176  15:27  Hydralisk x5  
  194  15:32  Zergling x14  
  195  15:37  Zergling x2, Baneling x6  
  195  15:38  Zergling x6  
  195  15:40  Baneling x5  
  197  16:02  Zergling x28  
  185  16:11  Zergling x28  
  178  16:14  Hydralisk x5  
  164  16:28  Zergling x16  
  163  16:34  Hydralisk x8  
  163  16:37  Zergling x10  
  163  16:38  Baneling x15  
  167  16:41  Drone x3  
  170  16:47  Lurker x3  
  170  16:48  Lurker  
  170  16:50  Overseer  
  170  16:53  Overseer  
  174  17:00  Zergling x10  
  149  17:13  Lurker x3  
  153  17:22  Hatchery  
Show
View Real Time Build Order
Export as new Build Order

Cure Terran 

Build Orders:  

Get SALT Encoding   

  12  0:00  SCV  
  13  0:12  SCV  
  14  0:18  Supply Depot  
  14  0:24  SCV  
  15  0:40  Barracks  
  15  0:53  Barracks  
  15  1:07  Barracks  
  15  1:11  SCV  
  16  1:27  Orbital Command, Marine  
  17  1:39  Supply Depot  
  17  1:40  Marine  
  17  1:44  Marine  
  19  1:54  Marine  
  19  2:00  Bunker  
  20  2:01  Marine  
  20  2:04  Marine  
  22  2:09  SCV  
  22  2:14  Marine  
  24  2:19  Marine  
  24  2:21  SCV  
  24  2:22  Marine  
  27  2:32  Marine  
  27  2:34  SCV  
  29  2:39  Supply Depot  
  29  2:44  Refinery  
  29  2:46  SCV  
  29  2:48  Refinery  
  30  3:00  SCV  
  31  3:14  SCV  
  32  3:23  Command Center  
  32  3:26  SCV  
  33  3:33  Factory  
  33  3:38  SCV  
  34  3:50  SCV  
  32  4:02  SCV  
  29  4:14  SCV  
  29  4:15  Barracks Tech Lab  
  30  4:18  Hellion, Barracks Tech Lab  
  30  4:20  Barracks Reactor  
  32  4:26  SCV  
  33  4:33  Stimpack, Marine  
  33  4:35  Orbital Command  
  33  4:36  Marine  
  35  4:38  SCV  
  35  4:44  Starport  
  36  4:49  Factory Reactor  
  36  4:50  SCV, Marine  
  38  4:54  Marine  
  39  5:01  Orbital Command  
  39  5:03  SCV  
  39  5:04  Marine x2  
  42  5:07  Combat Shield  
  42  5:08  Marine  
  42  5:12  Marine  
  44  5:15  SCV  
  44  5:19  Supply Depot  
  45  5:22  Marine x2  
  45  5:26  SCV, Marine  
  45  5:27  SCV  
  50  5:30  Marine  
  50  5:32  Medivac  
  53  5:38  SCV  
  53  5:40  SCV  
  53  5:41  Supply Depot  
  55  5:44  Medivac  
  55  5:45  Supply Depot  
  55  5:47  Marine x2  
  55  5:48  Marine  
  55  5:49  Marine  
  61  5:53  Factory Reactor  
  61  5:55  SCV  
  62  6:02  SCV  
  63  6:05  Marine x2  
  63  6:06  Marine x2  
  63  6:07  Supply Depot  
  63  6:09  SCV  
  68  6:14  SCV  
  69  6:25  Command Center  
  69  6:32  SCV x2  
  71  6:35  Marine x2  
  71  6:36  Marine  
  74  6:40  Barracks Reactor  
  74  6:44  Medivac x2  
  78  6:49  SCV x2  
  78  6:52  Supply Depot  
  80  6:55  Marine x2  
  80  6:56  Marine  
  83  7:07  Widow Mine  
  85  7:12  Widow Mine  
  85  7:15  SCV x2  
  86  7:17  Supply Depot  
  86  7:19  Supply Depot, Refinery  
  86  7:20  Refinery  
  86  7:21  Marine x2  
  88  7:24  Marine x2  
  88  7:33  SCV x2  
  88  7:36  Marine  
  88  7:39  Marine x2  
  88  7:41  Marine  
  86  7:48  Medivac x2, Orbital Command  
  85  7:57  Engineering Bay  
  85  8:00  Engineering Bay  
  85  8:01  SCV  
  85  8:02  SCV  
  85  8:05  Marine x4  
  90  8:07  Marine  
  90  8:10  Orbital Command  
  92  8:13  Widow Mine  
  92  8:14  Widow Mine  
  92  8:17  SCV x2  
  98  8:28  Supply Depot  
  98  8:33  Marine x5  
  103  8:34  SCV  
  103  8:35  SCV  
  103  8:39  SCV  
  103  8:56  Marine x5  
  103  8:57  Medivac x2, Widow Mine x2  
  114  9:07  SCV x3  
  112  9:17  Marine x5  
  112  9:19  Supply Depot, SCV x3  
  112  9:21  Terran Infantry Armor Level 1, Terran Infantry Weapons Level 1  
  120  9:24  Barracks  
  120  9:27  Barracks  
  120  9:33  SCV  
  120  9:34  SCV  
  120  9:35  Marine x5  
  121  9:53  Marine  
  121  9:58  Marine x4  
  118  10:01  SCV  
  118  10:02  SCV x2, Widow Mine  
  118  10:03  Widow Mine  
  118  10:04  Medivac x2  
  129  10:11  Marine  
  129  10:13  SCV  
  129  10:14  Barracks Reactor, SCV x2, Armory  
  133  10:15  Barracks Reactor  
  133  10:16  Marine  
  133  10:17  Bunker  
  134  10:26  SCV x3  
  137  10:28  Supply Depot  
  137  10:38  Marine x5  
  141  10:44  Supply Depot  
  141  10:49  SCV  
  141  10:50  Medivac, Widow Mine x2  
  141  10:53  SCV  
  141  10:54  SCV  
  141  10:56  Marine  
  145  10:58  Marine x4  
  145  11:00  Supply Depot  
  145  11:01  Supply Depot  
  149  11:05  SCV, Marine x3  
  143  11:14  Marine x2  
  143  11:15  Marine x2  
  143  11:16  Marine x2  
  148  11:19  Command Center  
  148  11:21  Factory  
  148  11:23  Sensor Tower  
  147  11:26  Marine x3  
  147  11:31  Orbital Command  
  147  11:32  Marine x2  
  139  11:33  Marine x4  
  141  11:44  Marine x3  
  141  11:45  Medivac, Widow Mine  
  141  11:46  Widow Mine  
  149  11:47  SCV x2  
  149  11:49  Marine x2  
  153  11:59  SCV, Marine x4  
  158  12:02  Marine x2  
  158  12:05  Factory  
  158  12:08  Terran Infantry Weapons Level 2  
  157  12:14  Factory Tech Lab  
  158  12:23  Refinery x2  
  155  12:33  Siege Tank  
  155  12:35  Command Center, Siege Tank  
  161  12:39  Marine x6  
  161  12:42  Marine x2  
  167  12:48  Marine  
  167  12:49  Factory Tech Lab  
  168  12:51  Terran Infantry Armor Level 2  
  168  12:56  Marine x2  
  168  12:57  Terran Vehicle Weapons Level 1, Marine  
  171  13:01  Supply Depot  
  171  13:02  Supply Depot  
  171  13:17  Siege Tank  
  171  13:18  Siege Tank  
  173  13:25  Orbital Command  
  167  13:29  Marine x2  
  167  13:30  Marine x7  
  167  13:31  Siege Tank  
  160  13:47  Marine x6  
  160  13:48  Marine  
  141  13:49  Siege Tank  
  141  13:53  SCV  
  141  13:54  SCV x2  
  145  14:02  Siege Tank  
  148  14:07  Marine x8  
  156  14:11  SCV x2  
  159  14:21  Planetary Fortress  
  158  14:24  Marine x2  
  158  14:25  Marine x3  
  158  14:26  Terran Infantry Weapons Level 3, Siege Tank  
  153  14:31  Supply Depot, Marine x2  
  153  14:32  Marine x2  
  157  14:40  Siege Tank  
  157  14:42  Marine x5  
  157  14:43  Siege Tank  
  168  14:49  Marine x3  
  170  14:56  Medivac x2  
  170  14:57  Terran Vehicle Weapons Level 2  
  170  14:58  Marine  
  175  15:00  Marine  
  175  15:01  Sensor Tower  
  169  15:07  Orbital Command  
  168  15:20  Marine x6  
  168  15:21  Marine  
  131  15:22  Siege Tank x2  
  130  15:29  SCV x3  
  130  15:33  SCV  
  130  15:34  Marine x2  
  136  15:38  Marine x2  
  136  15:41  SCV x2  
  140  15:43  Medivac x2, Siege Tank  
  140  15:44  Marine  
  140  15:45  Marine  
  149  15:50  Marine x3  
  149  15:55  Marine x2  
  149  15:56  Marine  
  155  15:58  Orbital Command  
  137  16:06  Marine x3  
  124  16:14  Marine x2  
  122  16:21  Marine x2  
  122  16:22  Marine  
  117  16:27  Marine x3  
  117  16:32  Marine x3  
  118  16:40  Marine x3  
  118  16:42  Orbital Command  
  121  16:49  Siege Tank  
  121  16:51  Marine  
  121  16:53  Marine  
  126  16:55  Marine  
  127  17:05  Marine x5  
Tags
 
Add a new tag
Caveats
  • Supply blocks, unpowered buildings, or Contaminate may cause inaccurate times.
  • Supply counts are checked every 10 seconds.